 Dungeon Sprint DCSS version 0.30-a0-424-g7412bad402 (webtiles) character file.

Game seed: 5198072811752351641

41772 rocky1 the Severer (level 14, -7/124 (133) HPs)
             Began as a Naga Warper on Dec 9, 2022.
             Was a High Priest of Cheibriados.
             Killed from afar by a deep elf death mage (42 damage)
             ... with a bolt of negative energy
             ... in the Dungeon (Sprint VII: "The Pits").
             The game lasted 00:18:50 (5659 turns).

rocky1 the Severer (Naga Warper)                    Turns: 5659, Time: 00:18:50

HP:   -7/124 (133)  AC: 20    Str: 29    XL:     14   Next: 16%
MP:   9/28          EV: 18    Int: 32    God:    Cheibriados [*****.]
Gold: 59            SH: 14    Dex: 27    Spells: 18/33 levels left

rFire   . . .      SeeInvis +    I - +0 broad axe (vorpal)
rCold   . . .      Faith    .    J - +0 kite shield
rNeg    . . .      Spirit   .    o - +3 ring mail
rPois   +          Reflect  .    H - +0 helmet {SInv}
rElec   .          Harm     .    y - +2 cloak {Stlth+}
rCorr   .          Rampage  .    L - +1 pair of gloves
Will    +....      NoTele   +    (no barding)
Stlth   +++++.....               (no amulet)
HPRegen 0.40/turn                q - +3 ring of intelligence
MPRegen 0.21/turn                r - +3 ring of dexterity

@: lethally poisoned (-7 -> -8), untranslocatable, drained, very slow
A: AC +4, large, see invisible, deformed body, poison resistance, slowness 2,
spit poison 1, naga tail 2
a: Spit Poison, Renounce Religion, Bend Time, Temporal Distortion, Slouch, Step
From Time


You were in the Dungeon.
You worshipped Cheibriados.
Cheibriados was extremely pleased with you.
You visited 1 branch You collected 59 gold pieces.

Inventory:

Hand Weapons
 I - a +0 vorpal broad axe (weapon)
Missiles
 d - 3 boomerangs of dispersal (quivered)
 z - 2 boomerangs
Armour
 o - a +3 ring mail (worn)
 y - a +2 cloak of stealth (worn)
 H - a +0 helmet of see invisible (worn)
 J - a +0 kite shield (worn)
 K - a +1 tower shield
 L - a +1 pair of gloves (worn)
 M - +2 gold dragon scales
Jewellery
 q - a +3 ring of intelligence (left hand)
 r - a +3 ring of dexterity (right hand)
Wands
 g - a wand of charming (3)
Scrolls
 c - 3 scrolls of blinking
 f - 7 scrolls of enchant armour
 j - 5 scrolls of amnesia
 k - a scroll of summoning
 A - 4 scrolls of enchant weapon
 C - a scroll of fog
 F - 3 scrolls of identify
 G - a scroll of immolation
Potions
 e - 10 potions of curing
 h - 2 potions of magic
 i - a potion of invisibility
 m - 7 potions of heal wounds
 s - 2 potions of resistance
 t - a potion of might
 x - 4 potions of haste
 B - a potion of berserk rage
 D - 2 potions of mutation
 E - a potion of brilliance


   Skills:
 + Level 10.6 Fighting
 + Level 18.9 Axes
 - Level 1.1 Throwing
 + Level 12.5 Armour
 + Level 11.8 Dodging
 - Level 8.8 Stealth
 + Level 11.0 Shields
 - Level 10.3 Spellcasting
 - Level 10.3 Translocations
 - Level 5.2 Air Magic
 - Level 17.0 Invocations
 - Level 4.4 Evocations


You had 18 spell levels left.
You knew the following spells:

 Your Spells              Type           Power      Damage    Failure   Level
a - Blink                 Tloc           100%       N/A       1%          2
b - Vhi's Electric Charg  Tloc/Air       100%       N/A       1%          3
c - Manifold Assault      Tloc           70%        N/A       1%          4
d - Lesser Beckoning      Tloc           100%       N/A       1%          3
e - Teleport Other        Tloc           70%        N/A       1%          3

Your spell library contained the following spells:

 Spells                   Type           Power      Damage    Failure   Level
 Animate Dead             Necr           16%        N/A       56%         4
 Haunt                    Necr/Summ      8%         N/A       100%        7
 Infestation              Necr           8%         N/A       100%        8


Dungeon Overview and Level Annotations

Branches:
Dungeon (1/1)

Altars:
Ashenzari
Cheibriados
Dithmenos
Elyvilon
Fedhas
Gozag
Hepliaklqana
Kikubaaqudgha
Makhleb
Nemelex Xobeh
Okawaru
Qazlal
Ru
Sif Muna
Trog
Uskayaw
Vehumet
Wu Jian
Xom
Yredelemnul
Zin
The Shining One
Jiyva
Lugonu


Innate Abilities, Weirdness & Mutations

Your serpentine skin is tough. (AC +4)
You have supernaturally acute eyesight. (SInv)
Armour fits poorly on your strangely shaped body.
Your system is resistant to poisons. (rPois)
You cover ground very slowly.
You can spit poison.
You can use your snake-like lower body to constrict enemies.


Message History

Cheibriados raises the support of your attributes as your movement slows.
Cheibriados lowers the support of your attributes as your movement quickens.
You feel sick.
A lich comes into view.
You block the nagaraja's attack. The nagaraja constricts you!
Your Shields skill increases to level 11!
Unknown command.
Unknown command.
You are too injured to fight recklessly!
The lich shouts!
You hit the nagaraja but do no damage. You grab the nagaraja.
The nagaraja is heavily wounded.
You constrict the nagaraja.
The lich gestures wildly while chanting.
The lich flickers and vanishes for a moment.
The nagaraja casts a spell at you. The bolt of poison hits you! You resist.
The nagaraja constricts you.
You slash the nagaraja!
The nagaraja is severely wounded.
You constrict the nagaraja, but do no damage.
You feel sick.
The deep elf death mage beckons forth a restless soul!
The nagaraja hits you with a +0 whip!
* * * LOW HITPOINT WARNING * * *
The nagaraja constricts you.
Activating: Slouch (0% risk of failure)
Press: ? - help, Dir - look around, f - activate You can feel time thicken for a moment.
You destroy the lost soul!
The lost soul fades away!
Cheibriados lowers the support of your attributes as your movement quickens.
You constrict the nagaraja.
You kill the nagaraja!
Cheibriados thoroughly appreciates the change of pace.
Cheibriados raises the support of your attributes as your movement slows.
You feel sick.
A yellow draconian comes into view. It is wielding a +0 halberd.
The deep elf death mage points at you and mumbles some strange words.
The bolt of negative energy hits you!!!
You feel drained.
You die...

)...#....#.....#..#
[.###....####..#..#
............'..#..#
.)....)).####..#..#
).)####..#....[#..#
)).# #..#[[#[[#..#
..## +..#[[#[.#..#
### ##########''#
#@'# #)..# #)..##
#e..## L.))# .#..[
d ##.. ...


You could see a yellow draconian (wandering), a lich (invisible) and a deep elf
death mage.

Vanquished Creatures
  A lich (D)
  A deep elf blademaster (D)
  A nagaraja (D)
  A draconian scorcher (D)
  A draconian knight (D)
  A deep elf sorcerer (D)
  Aizul (D)
  2 orc warlords (D)
  2 ophanim (D)
  A vampire knight (D)
  A deep elf demonologist (D)
  A vault guard (D)
  A yaktaur captain (D)
  A hydra (D)
  An alligator snapping turtle (D)
  A catoblepas (D)
  A centaur warrior (D)
  A death yak (D)
  An alligator (D)
  A merfolk aquamancer (D)
  A vampire mage (D)
  3 naga warriors (D)
  5 deep elf knights (D)
  3 hell knights (D)
  A deep troll (D)
  A sixfirhy (D)
  A necromancer (D)
  A wizard (D)
  10 orc knights (D)
  An orc sorcerer (D)
  A phantasmal warrior (D)
  2 manticores (D)
  Maurice (D)
  2 rust devils (D)
  A smoke demon (D)
  An orange demon (D)
  Psyche (D)
  A rime drake (D)
  A komodo dragon (D)
  2 freezing wraiths (D)
  2 guardian mummies (D)
  A merfolk (D)
  A tarantella (D)
  A hornet (D)
  13 blink frogs (D)
  2 snapping turtles (D)
  A jumping spider (D)
  3 water elementals (D)
  2 flying skulls (D)
  Grum (D)
  2 fire bats (D)
  5 redbacks (D)
  A steam dragon (D)
  A small abomination (D)
  8 vampire mosquitoes (D)
  2 acid dragons (D)
  A water moccasin (D)
  A floating eye (D)
  An orc warrior (D)
  A sky beast (D)
  9 wolves (D)
  2 centaurs (D)
  A kobold brigand (D)
  A gnoll sergeant (D)
  4 scorpions (D)
  A hound (D)
  An iron imp (D)
  An iguana (D)
  A hell rat (D)
  3 gnolls (D)
  A river rat (D)
  An adder (D)
  A white imp (D)
  An ufetubus (D)
  2 orcs (D)
  2 bats (D)
  2 endoplasms (D)
  A ball python skeleton (D)
  2 frilled lizards (D)
  2 kobolds (D)
  A rat (D)
152 creatures vanquished.

Notes
Turn   | Place    | Note
-------+----------+-------------------------------------------
     0 | D        | rocky1 the Naga Warper began the quest for the Orb.
     0 | D        | Reached XP level 1. HP: 19/19 MP: 3/3
    23 | D        | Found a bloodstained altar of Trog.
    23 | D        | Found a shimmering blue altar of Sif Muna.
    23 | D        | Found a viscous altar of Jiyva.
    23 | D        | Found a hazy altar of Hepliaklqana.
    23 | D        | Found an opulent altar of Gozag.
    24 | D        | Found a glowing golden altar of the Shining One.
    24 | D        | Found a glowing silver altar of Zin.
    24 | D        | Found a basalt altar of Yredelemnul.
    24 | D        | Found a shimmering altar of Xom.
    24 | D        | Found an ornate altar of the Wu Jian Council.
    24 | D        | Found a sacrificial altar of Ru.
    24 | D        | Found a stormy altar of Qazlal.
    24 | D        | Found an iron altar of Okawaru.
    24 | D        | Found a sparkling altar of Nemelex Xobeh.
    24 | D        | Found a burning altar of Makhleb.
    24 | D        | Found a blossoming altar of Fedhas.
    24 | D        | Found a white marble altar of Elyvilon.
    24 | D        | Found a shadowy altar of Dithmenos.
    24 | D        | Found a snail-covered altar of Cheibriados.
    27 | D        | Found a corrupted altar of Lugonu.
    27 | D        | Found a radiant altar of Vehumet.
    28 | D        | Found an ancient bone altar of Kikubaaqudgha.
    28 | D        | Found a hide-covered altar of Uskayaw.
    28 | D        | Found a broken altar of Ashenzari.
    35 | D        | Became a worshipper of Cheibriados the Contemplative
    73 | D        | Noticed a scorpion
    80 | D        | Killed a scorpion
    80 | D        | Reached * piety under Cheibriados
    81 | D        | Reached skill level 1 in Throwing
    81 | D        | Reached skill level 1 in Armour
    81 | D        | Reached skill level 5 in Translocations
    81 | D        | Reached XP level 2. HP: 22/28 MP: 4/6
    81 | D        | Reached XP level 3. HP: 27/34 MP: 4/7
    81 | D        | Reached XP level 4. HP: 34/42 MP: 5/9
   152 | D        | Reached ** piety under Cheibriados
   190 | D        | Learned a level 2 spell: Blink
   194 | D        | Learned a level 3 spell: Vhi's Electric Charge
   199 | D        | Learned a level 4 spell: Manifold Assault
   202 | D        | Noticed a scorpion
   202 | D        | Noticed a floating eye
   209 | D        | Paralysed by a floating eye for 4 turns
   217 | D        | Killed a floating eye
   217 | D        | Reached *** piety under Cheibriados
   218 | D        | Reached skill level 4 in Axes
   218 | D        | Reached XP level 5. HP: 27/50 MP: 9/11
   219 | D        | Reached skill level 5 in Axes
   219 | D        | Reached XP level 6. HP: 32/58 MP: 9/12
   482 | D        | Reached **** piety under Cheibriados
   490 | D        | Reached skill level 1 in Invocations
   492 | D        | Reached ***** piety under Cheibriados
   502 | D        | Reached skill level 6 in Axes
   658 | D        | Noticed a fire bat
   659 | D        | Killed a fire bat
   660 | D        | Reached skill level 5 in Fighting
   660 | D        | Reached XP level 7. HP: 67/67 MP: 7/14
   718 | D        | Noticed a flying skull
   720 | D        | Killed a flying skull
   721 | D        | Reached skill level 7 in Axes
   721 | D        | Reached skill level 1 in Stealth
   721 | D        | Reached skill level 5 in Invocations
   755 | D        | Noticed Grum
   755 | D        | Noticed a blink frog
   755 | D        | Noticed a blink frog
   755 | D        | Noticed a blink frog
   758 | D        | Reached ****** piety under Cheibriados
   758 | D        | Killed a blink frog
   758 | D        | Killed a blink frog
   758 | D        | Killed a blink frog
   759 | D        | Reached skill level 9 in Axes
   759 | D        | Reached skill level 5 in Dodging
   759 | D        | Reached skill level 5 in Spellcasting
   759 | D        | Reached XP level 8. HP: 76/76 MP: 9/16
   760 | D        | Killed Grum
   761 | D        | Reached XP level 9. HP: 82/82 MP: 6/17
  1035 | D        | Reached skill level 1 in Shields
  1035 | D        | Reached skill level 10 in Invocations
  1132 | D        | Noticed Maurice
  1132 | D        | Noticed a deep troll
  1136 | D        | Killed a deep troll
  1136 | D        | Killed Maurice
  1137 | D        | Reached skill level 10 in Axes
  1137 | D        | Reached XP level 10. HP: 87/91 MP: 7/19
  1206 | D        | Noticed a smoke demon
  1210 | D        | Killed a smoke demon
  1211 | D        | Reached skill level 10 in Translocations
  1480 | D        | Reached skill level 1 in Air Magic
  1550 | D        | Reached skill level 11 in Axes
  1590 | D        | Noticed an alligator snapping turtle
  1744 | D        | Noticed a manticore
  1757 | D        | Killed a manticore
  1840 | D        | Noticed a death yak
  1840 | D        | Noticed a rust devil
  1842 | D        | Killed a rust devil
  1845 | D        | Killed a death yak
  1846 | D        | Reached skill level 15 in Invocations
  1846 | D        | Reached XP level 11. HP: 100/100 MP: 11/22
  1849 | D        | Reached skill level 12 in Axes
  2339 | D        | Noticed an ophan
  2348 | D        | Killed an ophan
  2385 | D        | Noticed a merfolk aquamancer
  2388 | D        | HP: 5/103 [merfolk aquamancer/shard of ice (19)]
  2391 | D        | Killed a merfolk aquamancer
  2393 | D        | Reached skill level 5 in Stealth
  2548 | D        | Reached skill level 1 in Evocations
  2669 | D        | Noticed Psyche
  2682 | D        | Killed Psyche
  2892 | D        | Reached skill level 13 in Axes
  3110 | D        | Killed an alligator snapping turtle
  3340 | D        | Noticed a phantasmal warrior
  3349 | D        | Killed a phantasmal warrior
  3433 | D        | Reached skill level 5 in Shields
  3433 | D        | Reached XP level 12. HP: 101/112 MP: 18/24
  3664 | D        | Noticed Aizul
  3668 | D        | Killed Aizul
  3669 | D        | Reached skill level 14 in Axes
  3669 | D        | Reached skill level 5 in Air Magic
  3917 | D        | Learned a level 3 spell: Lesser Beckoning
  3921 | D        | Learned a level 3 spell: Teleport Other
  3939 | D        | Noticed a seven-headed hydra
  3939 | D        | Noticed a catoblepas
  3939 | D        | Noticed a centaur warrior
  3939 | D        | Noticed an alligator
  3939 | D        | Noticed a hell knight
  3939 | D        | Noticed a hell knight
  3939 | D        | Noticed a hell knight
  3943 | D        | Killed a centaur warrior
  3944 | D        | Killed a catoblepas
  3944 | D        | Killed a hell knight
  3945 | D        | Killed an alligator
  3945 | D        | Killed a hell knight
  3945 | D        | Killed a hell knight
  3946 | D        | Reached skill level 15 in Axes
  3946 | D        | Reached skill level 10 in Armour
  3952 | D        | Killed an eight-headed hydra
  4281 | D        | Noticed a vampire knight
  4291 | D        | Killed a vampire knight
  4294 | D        | Gained mutation: You can use your snake-like lower body to
                  | constrict enemies. [Naga growth]
  4294 | D        | Reached XP level 13. HP: 74/121 MP: 9/25
  4412 | D        | Noticed an orc warlord
  4412 | D        | Noticed an orc warlord
  4417 | D        | Reached skill level 16 in Axes
  4417 | D        | Killed an orc warlord
  4418 | D        | Killed an orc warlord
  4419 | D        | Reached skill level 17 in Axes
  4419 | D        | Reached skill level 10 in Dodging
  4421 | D        | Noticed a deep elf blademaster
  4428 | D        | Killed a deep elf blademaster
  4504 | D        | Noticed a yaktaur captain
  4515 | D        | Killed a yaktaur captain
  4945 | D        | Noticed a deep elf demonologist
  4954 | D        | Reached skill level 18 in Axes
  4954 | D        | Reached skill level 10 in Spellcasting
  4956 | D        | Noticed a cacodemon
  4959 | D        | Killed a deep elf demonologist
  5077 | D        | Reached skill level 10 in Shields
  5229 | D        | Noticed an ophan
  5241 | D        | Killed an ophan
  5544 | D        | Noticed a vault guard
  5546 | D        | Noticed a black draconian knight
  5546 | D        | Noticed a lich
  5551 | D        | Killed a lich
  5551 | D        | Killed a vault guard
  5551 | D        | Killed a black draconian knight
  5552 | D        | Reached skill level 10 in Fighting
  5552 | D        | Reached XP level 14. HP: 133/133 MP: 8/28
  5644 | D        | Noticed a red draconian scorcher
  5644 | D        | Noticed a deep elf sorcerer
  5645 | D        | Noticed a nagaraja
  5651 | D        | Killed a red draconian scorcher
  5656 | D        | Killed a deep elf sorcerer
  5656 | D        | Noticed a lich
  5659 | D        | Killed a nagaraja
  5659 | D        | Noticed a yellow draconian
  5659 | D        | Killed from afar by a deep elf death mage

Illustrated notes

Levels and vault maps discovered:
D:        pitsprint [storerooms_1, entrance_room_1, metal_vault_2, armoury_1,
          mini_pit_1, grid_room_1, main_hall_1, silver_pit, the_coven_1,
          the_vestibule_1, steel_vault_5, golden_pit, hallway_of_sentries,
          crystal_vault_3, iron_vault_2, final_vault]

Skill      XL: |  1  2  3  4  5  6  7  8  9 10 11 12 13 14 |
---------------+-------------------------------------------+-----
Fighting       | 3 4 5 6 7 8 9 10 | 10.6
Throwing       | 1 |  1.1
Armour         | 1 2 4 6 7 8 9 10 12 | 12.5
Dodging        | 2 3 4 5 6 7 9 11 | 11.8
Spellcasting   | 3 4 5 6 7 8 10 | 10.3
Translocations | 5 7 8 9 10 | 10.3
Axes           | 4 5 6 9 10 11 13 15 18 | 18.9
Invocations    | 4 8 12 15 17 | 17.0
Stealth        | 1 2 4 7 8 |  8.8
Shields        | 1 3 5 7 10 11 | 11.0
Air Magic      | 1 4 5 |  5.2
Evocations     | 3 4 |  4.4

Action                   |  1- 3 |  4- 6 |  7- 9 | 10-12 | 13-15 || total
-------------------------+-------+-------+-------+-------+-------++-------
Melee: Hand axe          |    10 |    43 |     5 |       |       ||    58
       Punch             |       |     2 |       |       |       ||     2
       War axe           |       |       |     2 |   149 |    26 ||   177
       Unarmed           |       |       |       |     9 |       ||     9
       Broad axe         |       |       |       |       |    28 ||    28
       Constrict         |       |       |       |       |    14 ||    14
Throw: Boomerang         |       |       |       |     3 |     1 ||     4
 Cast: Manifold Assault  |       |     2 |       |       |       ||     2
       Vhi's Electric Ch |       |       |     1 |     6 |       ||     7
       Blink             |       |       |       |     2 |       ||     2
Invok: Slouch            |       |     2 |     5 |    33 |    20 ||    60
 Abil: Spit Poison       |       |     1 |       |       |     1 ||     2
Evoke: Wand              |       |       |       |     1 |       ||     1
  Use: Potion            |     3 |       |       |     4 |     2 ||     9
 Stab: Sleeping          |       |       |       |     1 |       ||     1
       Invisible         |       |       |       |    10 |       ||    10
       Distracted        |       |       |       |     1 |     1 ||     2
Armor: Leather armour    |     2 |     4 |       |       |       ||     6
       Ring mail         |       |    10 |     6 |    52 |    10 ||    78
Dodge: Dodged            |    17 |    36 |     9 |   126 |    18 ||   206
Block: Buckler           |       |       |    11 |    67 |    11 ||    89
       Kite shield       |       |       |       |       |    18 ||    18

Table legend: (Time is in decaauts)
 A = Elapsed time spent in this place.
 B = Non-inter-level travel time spent in this place.
 C = Inter-level travel time spent in this place.
 D = Time resting spent in this place.
 E = Time spent auto-exploring this place.
 F = Levels seen in this place.
 G = Mean time per level.
                   A        B        C        D        E       F      G
               +--------+--------+--------+--------+--------+-----+--------+
         Total |   7581 |   7110 |    471 |   3997 |      0 |   1 | 7581.0 |
       Dungeon |   7581 |   7110 |    471 |   3997 |      0 |   1 | 7581.0 |
               +--------+--------+--------+--------+--------+-----+--------+

Top non-repeatable levels by time:
       D: 7581 daAuts
